 Dungeon Sprint DCSS version 0.31-a0-986-g5e6e4ef867 (webtiles) character file.

Game seed: 11984188419387812151

161 rocky1 the Ruffian (level 5, -4/36 HPs)
             Began as an Octopode Shapeshifter on Nov 17, 2023.
             Slain by a shadow (9 damage)
             ... in the Dungeon (Sprint III: "The Ten Rune Challenge").
             The game lasted 00:01:34 (834 turns).

rocky1 the Ruffian (Octopode Shapeshifter)           Turns: 834, Time: 00:01:34

Health: -4/36      AC:  1    Str: 13    XL:     5   Next: 42%
Magic:  5/5        EV: 14    Int: 16    God:
Gold:   22         SH:  0    Dex: 12    Spells: 4/4 levels left

rFire   . .          .
                       - Unarmed
rCold   . . .        (shield currently unavailable)
rNeg    . . .        (helmet restricted)
rPois   .            (no amulet)
rElec   +            (no ring)
rCorr   .            (no ring)
SInv    .            (no ring)
Will    .....        (no ring)
Stlth   ++           (no ring)
HPRegen 0.26/turn    (no ring)
MPRegen 0.09/turn    (no ring)
                     (no ring)

%: no teleportation
@: flux-form, glowing
A: glow, contaminating, almost no armour, amphibious, 8 rings, camouflage 1,
gelatinous body 1, (nimble swimmer 1), tentacles, clever 1, robust 1,
electricity resistance
a: Begin Untransformation


You were in the Dungeon.
You were something dangerously unstable.
You visited 1 branch You collected 22 gold pieces.

Inventory:

Talismans
 b - a beast talisman
 c - a flux talisman (active)
Scrolls
 i - a scroll of blinking
 k - a scroll of torment {unknown}
 l - 3 scrolls of identify
 n - a scroll of poison {unknown}
Potions
 a - a potion of lignification
 d - a potion of curing
 e - 4 potions of mutation
 f - a potion of haste
 g - 2 potions of magic
 j - a potion of brilliance {unknown}
 m - 4 potions of enlightenment


   Skills:
 + Level 1.2 Fighting
 + Level 3.5 Dodging
 + Level 4.4 Stealth
 + Level 7.2 Unarmed Combat
 + Level 7.0 Shapeshifting


You had 4 spell levels left.
You didn't know any spells.
Your spell library was empty.

Dungeon Overview and Level Annotations

Branches:
Dungeon (1/1)

Altars:


Innate Abilities, Weirdness & Mutations

You are something dangerously unstable.
You glow with magical radiation, making you easy to see and hit.
Foes you strike become dangerously contaminated with magical radiation.
You are incapable of wielding weapons or throwing items.
You cannot wear most types of armour.
You are amphibious.
You can wear up to eight rings at the same time.
Your skin changes colour to match your surroundings (Stealth+).
Your rubbery body absorbs attacks. (AC +1, EV +1)
((You are camouflaged when in or above water. (Stealth+)))
You have tentacles for arms and can constrict up to eight enemies at once.
Your mind is acute. (Int +4, Str/Dex -1)
You are robust. (+10% HP)
You are resistant to electric shocks. (rElec)


Message History

Your transformation has ended.
You turn into something dangerously unstable.
HP restored.
Unknown command.
A shadow comes into view.
There is an open door here.
The jelly quivers.
There is an open door here.
You tentacle-slap the jelly.
The jelly begins to glow.
Your tentacles burn!
You squeeze the jelly.
The jelly is severely wounded.
The jelly hits you.
You are splashed with acid!
You tentacle-slap the jelly.
The jelly glows dangerously bright.
Your tentacles burn!
You squeeze the jelly.
You kill the jelly!
Your Unarmed Combat skill increases to level 7!
Your Shapeshifting skill increases to level 7!
You start resting.
HP restored.
You start waiting.
You start waiting.
Done waiting.
There is an open door here.
You tentacle-slap the shadow but do no damage.
The shadow begins to glow.
The shadow hits you!
You barely miss the shadow. The shadow barely misses you.
You tentacle-slap the shadow but do no damage.
The shadow glows dangerously bright.
The shadow slips into darkness.
The shadow flickers and vanishes for a moment.
You tentacle-slap the shadow.
The shadow shudders as magic cascades through it!
The shadow strikes at you from the darkness!
Ouch! That really hurt!
* * * LOW HITPOINT WARNING * * *
You are too injured to fight recklessly!
You tentacle-slap the shadow.
The shadow begins to glow.
The shadow is almost destroyed.
The shadow hits you!
You die...

▓▓▓ ##.# ####..#
#..#..#
#..#..###+#+###+##
##'#..#..........#
###...'.⌠........#
###)..#...######p#
##....#.⌠.# #.W.#
#.....#...# #...#
......#+### #...#
#.....# #...+
##....# +...#
▓▓▓▓▓▓ ▓▓▓▓▓


You could see a shadow (contam).

Vanquished Creatures
  A water elemental (D)
  A jelly (D)
  Crazy Yiuf (D)
  Jessica (D)
  A human (D)
  An endoplasm (D)
  2 rats (D)
8 creatures vanquished.

Notes
Turn   | Place    | Note
-------+----------+-------------------------------------------
     0 | D        | rocky1 the Octopode Shapeshifter began the quest for the
                  | Orb.
     0 | D        | Reached XP level 1. HP: 13/13 MP: 1/1
    25 | D        | Noticed Jessica
    30 | D        | Killed Jessica
    31 | D        | Reached skill level 1 in Stealth
    31 | D        | Reached XP level 2. HP: 18/18 MP: 2/2
    31 | D        | Reached XP level 3. HP: 23/23 MP: 3/3
    41 | D        | Noticed Crazy Yiuf
    66 | D        | Reached skill level 5 in Unarmed Combat
    66 | D        | Reached skill level 5 in Shapeshifting
    76 | D        | Killed Crazy Yiuf
    77 | D        | Reached XP level 4. HP: 6/28 MP: 4/4
   387 | D        | Gained mutation: You are robust. (+10% HP) [potion of
                  | mutation]
   387 | D        | Gained mutation: Your mind is acute. (Int +4, Str/Dex -1)
                  | [potion of mutation]
   387 | D        | Gained mutation: You are resistant to electric shocks.
                  | (rElec) [potion of mutation]
   396 | D        | Noticed a water elemental
   400 | D        | Killed a water elemental
   401 | D        | Reached XP level 5. HP: 30/36 MP: 5/5
   586 | D        | Noticed a shadow
   834 | D        | Slain by a shadow

Illustrated notes

Levels and vault maps discovered:
D:        dungeon_sprint_mu [sprint_mu_entry_cave, sprint_mu_temple_rooms,
          sprint_mu_d1_spiders, sprint_mu_d2_genie, sprint_mu_d3_branching,
          sprint_mu_orc_legion, sprint_mu_elf_gauntlet, sprint_mu_hive_nellie,
          sprint_mu_lair_fedhas, sprint_mu_vaults_butterflies,
          sprint_mu_slime_circle, sprint_mu_swamp_cave, sprint_mu_shoals_archi,
          sprint_mu_blade_basic, sprint_mu_crypt_lich, sprint_mu_tomb_spiral,
          sprint_mu_vestibule_basic, sprint_mu_gehenna_hellfire,
          sprint_mu_dis_giant, sprint_mu_tartarus_statrot,
          sprint_mu_cocytus_islands, sprint_mu_zot1]

Skill      XL: |  1  2  3  4  5 |
---------------+----------------+-----
Stealth        | 1 3 4 |  4.4
Unarmed Combat | 4 5 6 7 |  7.2
Shapeshifting  | 4 5 6 7 |  7.0
Dodging        | 3 |  3.5
Fighting       | |  1.2

Action                     |  1- 3 |  4- 6 || total
---------------------------+-------+-------++-------
  Melee: Unarmed           |    13 |    10 ||    23
         Constrict         |     3 |       ||     3
         Punch             |     1 |       ||     1
         Tentacles         |     3 |     2 ||     5
    Use: Potion            |     1 |     2 ||     3
   Stab: Sleeping          |     3 |       ||     3
 Armour: Skin              |     5 |     6 ||    11
  Dodge: Dodged            |     3 |     1 ||     4
   Form: Flux              |       |     1 ||     1

Table legend: (Time is in decaauts)
 A = Elapsed time spent in this place.
 B = Non-inter-level travel time spent in this place.
 C = Inter-level travel time spent in this place.
 D = Time resting spent in this place.
 E = Time spent auto-exploring this place.
 F = Levels seen in this place.
 G = Mean time per level.
                   A        B        C        D        E       F      G
               +--------+--------+--------+--------+--------+-----+--------+
         Total |    842 |    842 |      0 |    707 |     17 |   1 |  842.0 |
       Dungeon |    842 |    842 |      0 |    707 |     17 |   1 |  842.0 |
               +--------+--------+--------+--------+--------+-----+--------+

Top non-repeatable levels by time:
       D: 842 daAuts
